 Dungeon Crawl Stone Soup version 0.30-a0-743-gbfdf073431 (webtiles) character file.

Game seed: 1033782002892041716

40277 BubbleThief the Impaler (level 13, -25/114 HPs)
             Began as a Demonspawn Gladiator on Feb 5, 2023.
             Was an Elder of Fedhas.
             Killed by an exploding ballistomycete spore (26 damage)
             ... on level 10 of the Dungeon on Feb 6, 2023.
             The game lasted 00:31:18 (16743 turns).

BubbleThief the Impaler (Demonspawn Gladiator)     Turns: 16743, Time: 00:31:20

Health: -25/114    AC: 11    Str: 32    XL:     13   Next: 73%
Magic:  0/30       EV: 13    Int: 14    God:    Fedhas [****..]
Gold:   831        SH:  0    Dex: 23    Spells: 12/12 levels left

rFire   + . .      SeeInvis .    m - +3 spear (vamp)
rCold   + . .      Faith    .    (no shield)
rNeg    . . .      Spirit   +    o - +0 ring mail of Ru's Whim {*Slow rPois Str+8}
rPois   +          Reflect  .    c - +1 helmet
rElec   .          Harm     .    (no cloak)
rCorr   .          Rampage  .    I - +1 pair of gloves of Toothy Creativity {MP+9 Str+3 Int+3}
Will    .....                    (no boots) Stlth
                                 F - amulet "Ofeatamn" {RegenMP rF+ Str+3 Dex+2}
HPRegen 0.39/turn                A - +6 ring of dexterity
MPRegen 0.84/turn                M - ring of protection from cold

@: confused, slowed, very slow
A: magic shield, magic regeneration, sharp scales 2, demonic magic 2, weakness
stinger 2
a: Renounce Religion, Wall of Briars, Grow Ballistomycete, Overgrow


You were on level 10 of the Dungeon.
You worshipped Fedhas.
Fedhas was greatly pleased with you.
You visited 3 branches of the dungeon, and saw 16 of its levels.

You collected 944 gold pieces.
You spent 113 gold pieces at shops.

Inventory:

Hand Weapons
 a - a +0 trident
 m - a +3 vampiric spear (weapon)
 x - a +0 halberd
 G - a +0 glaive
Missiles
 d - 6 throwing nets (quivered)
 e - a javelin
 v - a curare-tipped dart
Armour
 b - a +0 leather armour
 c - a +1 helmet (worn)
 j - a +0 tower shield
 o - the +0 ring mail of Ru's Whim (worn) {*Slow rPois Str+8}
   (You found it on level 2 of the Dungeon)

   Str:       It affects your strength (+8).
   rPois:     It protects you from poison.
   *Slow:     It may slow you when you take damage.
 I - the +1 pair of gloves of Toothy Creativity (worn) {MP+9 Str+3 Int+3}
   (You found it on level 6 of the Dungeon)

   Str:       It affects your strength (+3).
   Int:       It affects your intelligence (+3).
   MP:        It affects your magic capacity (+9).
Jewellery
 y - a ring of fire
 A - a +6 ring of dexterity (left hand)
 F - the amulet "Ofeatamn" (around neck) {RegenMP rF+ Str+3 Dex+2}
   (You found it on level 5 of the Dungeon)

   [amulet of magic regeneration]

   It increases your rate of magic regeneration.
   Str:       It affects your strength (+3).
   Dex:       It affects your dexterity (+2).
   rF:        It protects you from fire.
 M - a ring of protection from cold (right hand)
 S - a ring of flight
Wands
 s - a wand of iceblast (1)
 z - a wand of flame (8)
 L - a wand of digging (4)
 N - a wand of mindburst (19)
 O - a wand of light (10)
Scrolls
 h - 5 scrolls of identify
 l - 6 scrolls of poison
 n - 10 scrolls of teleportation
 p - a scroll of fear
 r - a scroll of butterflies
 B - 4 scrolls of enchant weapon
 C - 2 scrolls of fog
 K - a scroll of amnesia
 P - a scroll of blinking
 R - a scroll of enchant armour
Potions
 f - a potion of cancellation
 g - 2 potions of might
 i - 4 potions of attraction
 k - 3 potions of haste
 q - 2 potions of invisibility
 t - 2 potions of lignification
 u - 3 potions of flight
 w - 8 potions of curing
 D - a potion of resistance
 E - 4 potions of brilliance
 J - 2 potions of magic


   Skills:
 + Level 14.6 Fighting
 + Level 16.0 Polearms
 - Level 1.7 Throwing
 - Level 2.6 Dodging
 - Level 11.0 Invocations


You had 12 spell levels left.
You didn't know any spells.
Your spell library contained the following spells:

 Spells                   Type           Power      Damage    Failure   Level
 Apportation              Tloc           0%         N/A       38%         1
 Magic Dart               Conj           0%         1d3       38%         1
 Necrotise                Necr           0%         1d4       38%         1
 Summon Small Mammal      Summ           0%         N/A       38%         1
 Cigotuvi's Dreadful Rot  Necr/Pois/Air  0%         N/A       52%         2
 Searing Ray              Conj           0%         2d4       52%         2
 Call Canine Familiar     Summ           0%         N/A       77%         3
 Dazzling Flash           Conj/Hex       0%         N/A       77%         3
 Ozocubu's Armour         Ice            0%         N/A       77%         3
 Summon Guardian Golem    Hex/Summ       0%         N/A       77%         3
 Anguish                  Hex/Necr       0%         N/A       99%         4
 Animate Armour           Summ/Erth      0%         N/A       99%         4
 Fulminant Prism          Conj/Hex       0%         3d5       99%         4
 Summon Lightning Spire   Summ/Air       0%         N/A       99%         4
 Agony                    Necr           0%         N/A       100%        5
 Iskenderun's Battlesphe  Conj           0%         2d6       100%        5
 Metabolic Englaciation   Hex/Ice        0%         N/A       100%        5
 Silence                  Hex/Air        0%         N/A       100%        5
 Iron Shot                Conj/Erth      0%         9d1       100%        6
 Simulacrum               Ice/Necr       0%         N/A       100%        6
 Ozocubu's Refrigeration  Ice            0%         4d7       100%        7
 Spellforged Servitor     Conj/Summ      0%         N/A       100%        7
 Storm Form               Tmut/Air       0%         N/A       100%        7
 Maxwell's Capacitive Co  Air            0%         ∞         100%        8
 Fire Storm               Conj/Fire      0%         5d1       100%        9


Dungeon Overview and Level Annotations

Branches:
Dungeon (10/15)            Temple (1/1) D:4            Lair (5/5) D:10
 Shoals (0/4) Lair:2        Snake (0/4) Lair:3        Slime (0/5) Lair:4
    Orc: D:9-12

Altars:
Cheibriados
Dithmenos
Fedhas
Gozag
Hepliaklqana
Kikubaaqudgha
Nemelex Xobeh
Okawaru
Qazlal
Ru
Sif Muna
Trog
Uskayaw
Vehumet
Wu Jian
Xom
Yredelemnul
Jiyva

Shops:
D:6 ?   D:9 !

Portals:
Abyss: Lair:1

Annotations:
Lair:1 2 transporters, Bediveer's ghost, journeyman DrEE
Lair:4 1 runed translucent door


Innate Abilities, Weirdness & Mutations

When hurt, damage is shared between your health and your magic reserves.
You regenerate magic rapidly.
You are mostly covered in razor-sharp scales. (AC +2, Slay +2)
Spells you cast may paralyse nearby enemies.
You have a tail ending in a sharp stinger.


Message History

The rakshasa is heavily wounded.
The rakshasa hits you from afar with a +0 trident!
* * * LOW HITPOINT WARNING * * *
Reach: m) +3 spear (vamp)
Press: ? - help, Dir - move target, f/p - rakshasa
Aim: a rakshasa, wielding a +0 trident and wearing a +0 robe of resistance (heavily wounded, ally target, about 30% to evade your +3 vampiric spear)
You reach to attack!
You hit the rakshasa.
The rakshasa is severely wounded.
The rakshasa hits you from afar with a +0 trident!
* * * LOW HITPOINT WARNING * * *
You feel much better.
The rakshasa hits you from afar with a +0 trident!
* * * LOW HITPOINT WARNING * * *
A ballistomycete spore comes into view.
The rakshasa hits your ballistomycete spore with a +0 trident!
Your ballistomycete spore explodes!
The rakshasa appears confused.
The explosion of spores engulfs the rakshasa!!
The rakshasa is almost dead.
Fedhas protects your plant from harm. 2 ballistomycete spores come into view.
Reach: m) +3 spear (vamp)
Press: ? - help, Dir - move target, f/p - rakshasa
Aim: a rakshasa, wielding a +0 trident and wearing a +0 robe of resistance (almost dead, confused, ally target, about 16% to evade your +3 vampiric spear)
You reach to attack!
You hit the rakshasa.
You kill the rakshasa!
Fedhas accepts your kill.
There are monsters nearby!
There are monsters nearby!
Your ballistomycete spore explodes!
The explosion of spores engulfs you!!
You are confused.
* * * LOW HITPOINT WARNING * * *
Fedhas protects your plant from harm.
You're too confused to move!
Your ballistomycete spore explodes!
The explosion of spores engulfs you!!
You are more confused.
You die...
Fedhas appreciates your contribution to the ecosystem.

.....###......b..b.#######.......
.....# #.b...b.....# #.......
.....# #..#####b...# #.......
##b.b###bb#####....#######..b##..
.bbR.bb.b...b.....b..............
##'###+##########################
..................P....##.......#
.......................##.......#
................@..)...##...... #
####################'#####....###
# ..............#....'.. .
.....###...##.#....#.# . .....#
#...##.#....#.. .. .....#
#...##.#....#.. .. ...#
#......#....#.. ... #..#
#......#....#.. #..#
#......#....#..


You could see a friendly ballistomycete (summoned).

Vanquished Creatures
  Gastronok (Lair:1)
  Harold (D:10)
  3 hydras
  Erica (D:8)
  A rakshasa (D:10)
  A two-headed ogre (D:9)
  2 lindwurms (Lair:5)
  An obsidian statue (Lair:2)
  6 black mambas
  A manticore (D:8)
  7 elephants
  9 cane toads
  2 torpor snails
  2 molten gargoyles (Lair:5)
  Psyche (D:8)
  2 rime drakes
  11 komodo dragons
  3 polar bears
  4 hornets
  8 blink frogs
  5 dream sheep (Lair:5)
  A snapping turtle (Lair:2)
  A slime creature (D:10)
  6 wyverns
  41 yaks
  Eustachio (D:6)
  3 basilisks
  2 swamp worms (Lair:4)
  2 steam dragons
  4 vampire mosquitoes (D:10)
  Edmund (D:5)
  5 nagas (Lair:3)
  9 water moccasins
  An acid dragon (D:10)
  3 hell hounds (Lair:5)
  3 orc warriors
  A sky beast (D:6)
  6 black bears
  An ice beast (D:6)
  2 centaurs
  2 phantoms
  13 bullfrogs
  2 gnoll sergeants
  A necrophage (D:6)
  4 scorpions
  10 wights
  10 killer bees (D:9)
  2 howler monkeys (D:5)
  2 electric eels (Lair:2)
  5 lava snakes (Lair:5)
  2 jellies (D:6)
  2 orc priests
  Crazy Yiuf (D:6)
  2 hounds (D:5)
  2 gnoll boudas (D:7)
  5 orc wizards
  4 iguanas
  42 gnolls
  13 adders
  2 white imps
  An ufetubus (D:5)
  A dart slug (D:2)
  40 orcs
  8 ball pythons
  9 bats
  10 endoplasms
  2 giant cockroaches
  4 goblins
  12 hobgoblins
  16 jackals
  8 kobolds
  8 quokkas
  4 frilled lizards
  9 rats
423 creatures vanquished.

Vanquished Creatures (collateral kills)
  A fire dragon (Lair:5)
  A hydra (Lair:2)
  A black mamba (Lair:5)
  A molten gargoyle (Lair:5)
  A blink frog (Lair:1)
  A yak (Lair:3)
  A bullfrog (Lair:3)
  7 ballistomycete spores
14 creatures vanquished.

Vanquished Creatures (others)
  18 fungi
  52 plants
70 creatures vanquished.

Grand Total: 507 creatures vanquished

Notes
Turn   | Place    | Note
-------+----------+-------------------------------------------
     0 | D:1      | BubbleThief the Demonspawn Gladiator began the quest for
                  | the Orb.
     0 | D:1      | Reached XP level 1. HP: 16/16 MP: 1/1
    89 | D:1      | Reached skill level 3 in Polearms
    96 | D:1      | Gained mutation: You have a small tail. [demonic ancestry]
    96 | D:1      | Reached XP level 2. HP: 19/22 MP: 2/2
   374 | D:1      | Gained mutation: You regenerate magic rapidly. [demonic
                  | ancestry]
   374 | D:1      | Reached XP level 3. HP: 21/28 MP: 3/3
   815 | D:2      | Identified the +0 ring mail of Ru's Whim {*Slow rPois
                  | Str+8}
   841 | D:2      | Reached skill level 4 in Polearms
   999 | D:2      | Gained mutation: Spells you cast may paralyse adjacent
                  | enemies. [demonic ancestry]
   999 | D:2      | Reached XP level 4. HP: 31/34 MP: 4/4
  1144 | D:2      | Noticed a black bear
  1411 | D:3      | Found an ancient bone altar of Kikubaaqudgha.
  1780 | D:3      | Found a shimmering blue altar of Sif Muna.
  2201 | D:2      | Gained mutation: You are partially covered in razor-sharp
                  | scales. (AC +1, Slay +1) [demonic ancestry]
  2201 | D:2      | Reached XP level 5. HP: 25/41 MP: 5/5
  2432 | D:2      | Killed a black bear
  2433 | D:2      | Reached skill level 5 in Polearms
  2433 | D:2      | Gained mutation: Spells you cast may paralyse nearby
                  | enemies. [demonic ancestry]
  2433 | D:2      | Reached XP level 6. HP: 40/48 MP: 6/6
  2546 | D:4      | Found a staircase to the Ecumenical Temple.
  2552 | Temple   | Entered the Ecumenical Temple
  2604 | Temple   | Became a worshipper of Fedhas Madash
  3112 | D:4      | Reached * piety under Fedhas
  3214 | D:4      | Got the Papyrus of Macabre Confrontation
  3291 | D:5      | Entered Level 5 of the Dungeon
  3300 | D:4      | Reached skill level 6 in Polearms
  3309 | D:5      | Reached XP level 7. HP: 42/55 MP: 7/7
  3385 | D:5      | Noticed Edmund
  3408 | D:5      | Killed Edmund
  3409 | D:5      | Reached skill level 5 in Fighting
  3562 | D:5      | Reached skill level 7 in Polearms
  3652 | D:5      | Reached XP level 8. HP: 63/63 MP: 8/8
  3720 | D:5      | Identified the amulet "Ofeatamn" {RegenMP rF+ Str+3 Dex+2}
  3873 | D:5      | Reached ** piety under Fedhas
  3879 | D:5      | Reached skill level 8 in Polearms
  4194 | D:5      | Found an iron altar of Okawaru.
  4551 | D:6      | Reached *** piety under Fedhas
  4629 | D:6      | Found Qieq's Magic Scroll Shop.
  4638 | D:6      | Bought a scroll of teleportation for 33 gold pieces
  4651 | D:6      | Identified the +1 pair of gloves of Toothy Creativity {MP+9
                  | Str+3 Int+3}
  4701 | D:6      | Found a runed translucent door.
  4702 | D:6      | Noticed Crazy Yiuf
  4888 | D:6      | Noticed Eustachio
  4904 | D:6      | Reached skill level 9 in Polearms
  4912 | D:6      | Killed Eustachio
  4922 | D:6      | Gained mutation: You are mostly covered in razor-sharp
                  | scales. (AC +2, Slay +2) [demonic ancestry]
  4922 | D:6      | Reached XP level 9. HP: 51/72 MP: 9/9
  5520 | D:6      | Killed Crazy Yiuf
  5636 | D:7      | Got the Guidebook on Oromancy
  5772 | D:7      | Reached skill level 10 in Polearms
  6362 | D:8      | Noticed Erica
  6440 | D:8      | Reached **** piety under Fedhas
  6441 | D:8      | Reached skill level 11 in Polearms
  6455 | D:8      | Found a stormy altar of Qazlal.
  6469 | D:8      | Noticed Psyche
  6543 | D:8      | Killed Psyche
  6544 | D:8      | Gained mutation: You have a tail ending in a sharp stinger.
                  | [demonic ancestry]
  6544 | D:8      | Reached XP level 10. HP: 55/82 MP: 5/10
  7265 | D:8      | Noticed a manticore
  7305 | D:8      | Killed a manticore
  7306 | D:8      | Reached skill level 12 in Polearms
  7476 | D:8      | Killed Erica
  7652 | D:9      | Noticed a two-headed ogre
  7658 | D:9      | Killed a two-headed ogre
  7962 | D:9      | Reached skill level 10 in Fighting
  8028 | D:9      | Found Pebarphutz's Distillery.
  8032 | D:9      | Bought a potion of heal wounds for 80 gold pieces
  8149 | D:9      | Reached XP level 11. HP: 90/90 MP: 11/11
  8150 | D:9      | Reached ***** piety under Fedhas
  8154 | D:9      | Reached skill level 13 in Polearms
  8232 | D:9      | Reached skill level 1 in Invocations
  8503 | D:10     | Entered Level 10 of the Dungeon
  8517 | D:10     | Found an opulent altar of Gozag.
  8646 | D:10     | Noticed Harold
  8669 | D:10     | Paralysed by Harold for 3 turns
  8699 | D:10     | Killed Harold
  8962 | D:10     | Found a staircase to the Lair.
  9274 | D:10     | Noticed a rakshasa
  9353 | Lair:1   | Entered Level 1 of the Lair of Beasts
  9353 | Lair:1   | Found a transporter.
  9353 | Lair:1   | Found a transporter.
  9668 | Lair:1   | Reached skill level 5 in Invocations
  9991 | Lair:1   | Noticed a spriggan rider
  9993 | Lair:1   | Noticed a thrashing horror
  9995 | Lair:1   | Noticed a soul eater
  9999 | Lair:1   | Noticed Bediveer's ghost (journeyman DrEE)
 10033 | Lair:1   | Found a one-way gate to the infinite horrors of the Abyss.
 10168 | Lair:1   | Noticed Gastronok
 10185 | Lair:1   | Killed Gastronok
 10688 | Lair:2   | Found a staircase to the Shoals.
 10800 | Lair:2   | Gained mutation: When hurt, damage is shared between your
                  | health and your magic reserves. [demonic ancestry]
 10800 | Lair:2   | Reached XP level 12. HP: 85/100 MP: 17/17
 10822 | Lair:2   | Reached skill level 14 in Polearms
 10981 | Lair:2   | Noticed an eight-headed hydra
 10990 | Lair:2   | Killed an eight-headed hydra
 11629 | Lair:2   | Identified the +1 robe of Putuo {rPois rN+++ Dex-2}
 12012 | Lair:3   | You fall into a shaft and drop 2 floors!
 12012 | Lair:5   | Entered Level 5 of the Lair of Beasts
 12303 | Lair:5   | Reached skill level 10 in Invocations
 12532 | Lair:5   | Noticed a seven-headed hydra
 12548 | Lair:5   | Killed a seven-headed hydra
 12748 | Lair:4   | Reached XP level 13. HP: 104/111 MP: 21/21
 12873 | Lair:4   | Found a runed translucent door.
 12903 | Lair:4   | Reached skill level 15 in Polearms
 13209 | Lair:3   | Found an iron altar of Okawaru.
 13779 | Lair:3   | Found a staircase to the Snake Pit.
 15735 | Lair:5   | Found a large runed translucent door.
 15736 | Lair:5   | Found a large runed translucent door.
 15788 | Lair:5   | Noticed a fire dragon
 15806 | Lair:5   | Killed a fire dragon
 16091 | Lair:4   | Found a viscous altar of Jiyva.
 16091 | Lair:4   | Found a staircase to the Slime Pits.
 16091 | Lair:4   | Noticed an acid blob
 16091 | Lair:4   | Noticed an acid blob
 16091 | Lair:4   | Noticed an acid blob
 16587 | Lair:1   | Noticed a tentacled starspawn
 16637 | D:10     | Reached skill level 16 in Polearms
 16736 | D:10     | HP: 1/114 [rakshasa/+0 trident (11)]
 16742 | D:10     | HP: 1/114 [spore (17)]
 16743 | D:10     | Killed by an exploding ballistomycete spore

Illustrated notes

Levels and vault maps discovered:
D:1:      dpeg_arrival_castle, layout_loops_cross, minmay_surrounded
D:2:      layout_loops_ring
D:3:      layout_basic, overflow_temple_1_default, mainiacjoe_overflow_alcove_1
D:4:      layout_loops_ring, minmay_temple_entry_hall
D:5:      lemuel_castle_with_subvaults [lemuel_castle_interior_carwin_3],
          layout_cave_pools, kennysheep_little_box, serial_bayou,
          serial_bayou_pond_b, serial_bayou_ford_a, serial_bayou_pond_b,
          serial_bayou_crossing, uniq_edmund
D:6:      layout_basic, serial_shops, shop_scrolls, uniq_eustachio,
          uniq_crazy_yiuf_cottage
D:7:      layout_basic, serial_bayou_pond_c
D:8:      layout_gridville, nicolae_qazlal_eye_of_the_storm, uniq_erica,
          uniq_psyche
D:9:      layout_irregular_city, serial_shops, shop, minmay_door_square
D:10:     minmay_diamond_stairs, layout_stronghold,
          nicolae_overflow_crystal_walls, grunt_lair_entry_orc_guard_hut,
          minivault_25, uniq_harold
Temple:   nicolae_temple_bog_church
Lair:1:   layout_cave_pods, gammafunk_ghost_abyssal_escape, beast_lair_carwin_2,
          uniq_gastronok
Lair:2:   statuecave_lemuel, layout_long_grid, minmay_shoals_entry_hut,
          serial_bayou_shore_b
Lair:3:   layout_small_grid, minmay_snake_entry_guardpost_large,
          lemuel_oklob_altar, grunt_megastairs_2
Lair:4:   layout_regular_city, slime_entry_2, worms_lemuel
Lair:5:   cheibrodos_lair_end_hotspot, layout_long_grid

Skill      XL: |  1  2  3  4  5  6  7  8  9 10 11 12 13 |
---------------+----------------------------------------+-----
Polearms       | 3 4 5 6 7 9 11 12 13 14 16 | 16.0
Fighting       | 3 4 5 7 8 10 11 13 14 | 14.6
Invocations    | 7 10 11 | 11.0
Throwing       | |  1.7
Dodging        | |  2.6

Action                     |  1- 3 |  4- 6 |  7- 9 | 10-12 | 13-15 || total
---------------------------+-------+-------+-------+-------+-------++-------
  Melee: Trident           |   111 |    62 |       |       |       ||   173
         Tailslap          |     5 |    13 |    42 |   162 |    79 ||   301
         Punch             |     1 |       |     1 |    16 |     6 ||    24
         Halberd           |       |   132 |   297 |    23 |       ||   452
         Spear             |       |       |   125 |   881 |   463 ||  1469
         Unarmed           |       |       |     3 |       |       ||     3
  Throw: Throwing net      |       |       |     2 |     2 |       ||     4
         Dart              |       |       |     1 |     1 |       ||     2
 Invoke: Wall of Briars    |       |       |       |     3 |       ||     3
         Grow Oklob        |       |       |       |     2 |     1 ||     3
         Overgrow          |       |       |       |     1 |     1 ||     2
         Grow Ballistomyce |       |       |       |       |     3 ||     3
  Evoke: Wand              |       |       |       |       |     2 ||     2
    Use: Scroll            |       |       |       |    23 |     1 ||    24
         Potion            |       |       |       |     1 |     2 ||     3
   Stab: Sleeping          |     5 |     6 |     4 |     1 |       ||    16
         Distracted        |       |     3 |       |     1 |       ||     4
         Held in net/web   |       |       |     2 |     6 |       ||     8
         Confused          |       |       |     1 |       |     5 ||     6
 Armour: Leather armour    |    25 |       |       |       |       ||    25
         Ring mail         |     1 |    66 |   158 |   179 |    70 ||   474
  Dodge: Dodged            |    51 |   110 |   207 |   285 |   153 ||   806

Table legend: (Time is in decaauts)
 A = Elapsed time spent in this place.
 B = Non-inter-level travel time spent in this place.
 C = Inter-level travel time spent in this place.
 D = Time resting spent in this place.
 E = Time spent auto-exploring this place.
 F = Levels seen in this place.
 G = Mean time per level.
                   A        B        C        D        E       F      G
               +--------+--------+--------+--------+--------+-----+--------+
         Total |  16312 |  15788 |    524 |    818 |  11707 |  16 | 1019.5 |
       Dungeon |   9374 |   9103 |    271 |    495 |   6491 |  10 |  937.4 |
        Temple |     70 |     56 |     14 |      0 |     38 |   1 |   70.0 |
          Lair |   6866 |   6628 |    238 |    323 |   5177 |   5 | 1373.2 |
               +--------+--------+--------+--------+--------+-----+--------+

Top non-repeatable levels by time:
  Lair:5: 2039 daAuts
  Lair:3: 1538 daAuts
     D:5: 1321 daAuts
  Lair:2: 1248 daAuts
     D:8: 1159 daAuts
  Lair:4: 1023 daAuts
  Lair:1: 1017 daAuts
     D:6: 990 daAuts
     D:3: 976 daAuts
     D:2: 958 daAuts
    D:10: 925 daAuts
     D:7: 850 daAuts
     D:9: 840 daAuts
     D:1: 754 daAuts
     D:4: 598 daAuts
